Kradschützen Motorcycle Team
Construct Light Support Kompanie
Panzerjäger Mechanized Group
Selects Battlefield Espionage Battlegroup
Selects Intel Disruption Beacon
Selects 250/3 Funkpanzerwagen
Construct Mechanized Kompanie
18-tonne Recovery Half-track
Selects Advanced Ambush Training
Kradschützen Motorcycle Team
Construct Panzerarmee Kommand
Walking Stuka Rocket Launcher
Walking Stuka Rocket Launcher
Kradschützen Motorcycle Team